 Dungeon Crawl Stone Soup version 0.14-a0-2848-g1d0399b (webtiles) character file.

49 Junicave the Digger (level 3, 24/24 HPs)
             Began as a Formicid Earth Elementalist on Feb 27, 2014.
             Quit the game on Level 1 of the Dungeon.
             The game lasted 00:06:21 (1008 turns).

Junicave the Digger (Formicid Earth Elementalist)   Turns: 1008, Time: 00:06:21

HP  24/24        AC  5     Str 12      XL: 3   Next: 35%
MP   5/5         EV 12     Int 10 (14) God:
Gold 19          SH  0     Dex 10      Spells:  1 memorised,  5 levels left

rFire  . . .     SeeInvis +     (no weapon)
rCold  + . .     Clarity  .     c - +0 robe
rNeg   . . .     Conserve .     (no shield)
rPois  .         rCorr    .     (helmet unavailable)
rElec  .         rRot     .     (no cloak)
SustAb . .       Spirit   .     (no gloves)
rMut   .         Warding  .     (no boots)
Saprov . . .     Stasis   +     (no amulet)
MR     .....                    (no ring)
                                (no ring)

@: confused, not resistant to hostile enchantments, very unstealthy
A: permanent stasis, dig shafts and tunnels, four strong arms, poison weakness,
antennae 3, fangs 1, slimy green scales 1, clumsy 1, cold resistance 1, low mp
1, exoskeleton 1
a: Dig, Shaft Self


You were on level 1 of the Dungeon.
You were very hungry.

You visited 1 branch of the dungeon, and saw 1 of its levels.

You collected 19 gold pieces.

Inventory:

Hand weapons
 h - a +0,+0 dagger
 n - a +0,+0 dagger
Missiles
 b - 20 stones (quivered)
 j - 11 bolts
 l - 5 darts
Armour
 c - a +0 robe (worn)
Comestibles
 a - a bread ration
 o - a pear
Scrolls
 f - 2 scrolls of identify {unknown}
 i - a scroll of recharging {unknown}
Books
 d - a book of Geomancy

   Spells                             Type                      Level
   *Sandblast                         Earth                        1
   Stoneskin                          Transmutation/Earth          2
   Passwall                           Transmutation/Earth          3
   Stone Arrow                        Conjuration/Earth            3
   Petrify                            Transmutation/Earth          4
   Lee's Rapid Deconstruction         Earth                        5


   Skills:
 - Level 1.7 Dodging
 - Level 2.4 Stealth
 - Level 2.1 Spellcasting
   Level 1.1 Transmutations
 * Level 5.1 Earth Magic


You had 5 spell levels left.
You knew the following spells:

 Your Spells              Type           Power        Failure   Level  Hunger
a - Sandblast             Erth           ##....       4%          1    ##.....


Dungeon Overview and Level Annotations

Branches:
Dungeon (1/16)

Altars:


Innate Abilities, Weirdness & Mutations

Your are under a permanent stasis effect.
You can dig through walls and to a lower floor.
Your four strong arms can wield any weapon, most with a shield.
You have a pair of large antennae on your head (SInv).
Your body is surrounded by an exoskeleton. (AC +1)
You have very sharp teeth.
You are partially covered in slimy green scales (AC +2).
You are clumsy. (Dex -2)
Your flesh is cold resistant.
Your magical capacity is low (-10% MP).


Message History

You start resting.
Magic restored.
You start resting.
You feel a little less agile now.
You start resting.
You are feeling hungry.
You start resting.
You start resting.
You are feeling very hungry.
You start resting.
HP restored.
Drink which item? (? for menu, Esc to quit)
You don't have any such object.
Drink which item? (? for menu, Esc to quit)
You don't have any such object.
Drink which item? (? for menu, Esc to quit)
You don't have any such object.
Drink which item? (? for menu, Esc to quit)
You are confused.
Are you sure you want to abandon this character and quit the game? (Confirm with "yes".)

#.##.# ####.# #.# #.# ## #.# ..#
###.## ... ##### #....#
...#########...#####....#########
...%............@................
..#######......##................
. #...#####......#.....##..
##...# #......#....#.... #...##
#...#...#..#..... #...#
######...###..... #...#
#....###.... ##### #....#..#...
#...#....#..


There were no monsters in sight!

Vanquished Creatures
  A giant mite (D:1)
  An ooze (D:1)
  7 bats (D:1)
  2 hobgoblins (D:1)
  A jackal (D:1)
  3 kobolds (D:1)
  2 goblins (D:1)
17 creatures vanquished.

Notes
Turn   | Place    | Note
--------------------------------------------------------------
     0 | D:1      | Junicave, the Formicid Earth Elementalist, began the quest for the Orb.
     0 | D:1      | Reached XP level 1. HP: 13/13 MP: 3/3
    54 | D:1      | Reached skill level 4 in Earth Magic
   214 | D:1      | Reached XP level 2. HP: 10/19 MP: 0/4
   657 | D:1      | Reached XP level 3. HP: 18/24 MP: 1/6
   684 | D:1      | Reached skill level 5 in Earth Magic
   714 | D:1      | HP: 1/24 [poisoned by a giant mite]
   718 | D:1      | Gained mutation: You have very sharp teeth. [potion of mutation]
   718 | D:1      | Gained mutation: Your flesh is cold resistant. [potion of mutation]
   719 | D:1      | Gained mutation: You are clumsy. (Dex -2) [potion of mutation]
   719 | D:1      | Gained mutation: You are partially covered in slimy green scales (AC +2). [potion of mutation]
   719 | D:1      | Gained mutation: Your magical capacity is low (-10% MP). [potion of mutation]
   719 | D:1      | HP: 1/24 [poisoned by a giant mite]
  1008 | D:1      | Quit the game

Action                   || total
-------------------------++-------
Melee: Unarmed           ||    62
 Cast: Sandblast         ||    38
  Use: Potion            ||     6
 Stab: Sleeping          ||     2
